 Dungeon Crawl Stone Soup version 0.23.0 (webtiles) character file.

Game seed: 5536181693058303527

256 Infinimo the Cudgeler (level 5, 0/47 HPs)
             Began as a Minotaur Berserker on Feb 12, 2019.
             Was a Priest of Trog.
             Succumbed to a worker ant's poison
             ... on level 4 of the Dungeon.
             The game lasted 00:02:58 (2960 turns).

Infinimo the Cudgeler (Minotaur Berserker)          Turns: 2960, Time: 00:02:59

Health: 0/47       AC:  4    Str: 21 (22) XL:     5   Next: 92%
Magic:  4/4        EV: 13    Int:  3 (5)  God:    Trog [***...]
Gold:   163        SH:  0    Dex:  8 (9)  Spells: 4/4 levels left

rFire    . . .     SeeInvis .   a - +0 mace
rCold    . . .     Gourm    .   (no shield)
rNeg     . . .     Faith    .   b - +0 animal skin
rPois    .         Spirit   .   r - +0 hat
rElec    .         Reflect  .   n - +0 cloak
rCorr    .         Harm     .   k - +0 pair of gloves (curse)
MR       .....                  (no boots)
Stlth    +.........             (no amulet)
HPRegen  0.15/turn              (no ring)
MPRegen  0.09/turn              (no ring)

@: lethally poisoned (0 -> -10), berserk cooldown, slowed, very slow
A: retaliatory headbutt, horns 2
a: Berserk, Trog's Hand, Renounce Religion


You were on level 4 of the Dungeon.
You worshipped Trog.
Trog was most pleased with you.
You were hungry.

You visited 1 branch of the dungeon, and saw 4 of its levels.

You collected 163 gold pieces.

Inventory:

Hand Weapons
 a - a +0 mace (weapon)
Armour
 b - a +0 animal skin (worn)
 k - a cursed +0 pair of gloves (worn)
 n - a +0 cloak (worn)
 r - a +0 hat (worn)
Jewellery
 j - an uncursed ring of poison resistance {unknown}
 u - an uncursed ring of protection from magic {unknown}
 v - a +2 ring of evasion {unknown}
Scrolls
 d - a scroll of identify
 e - a scroll of blinking
 f - 5 scrolls of remove curse {unknown}
 g - a scroll of teleportation
 i - a scroll of immolation {unknown}
 p - 3 scrolls of fear {unknown}
 w - a scroll of enchant armour {unknown}
 y - a scroll of amnesia {unknown}
Potions
 h - a potion of agility
 l - 2 potions of berserk rage {unknown}
 m - a potion of heal wounds {unknown}
 o - 2 potions of curing {unknown}
 q - 2 potions of flight {unknown}
 t - 2 potions of degeneration
 x - a potion of mutation {unknown}
Comestibles
 c - 3 rations


   Skills:
 + Level 4.8 Fighting
 * Level 5.7 Maces & Flails
 + Level 3.9 Armour
 + Level 3.6 Dodging


You had 4 spell levels left.
You didn't know any spells.
Your spell library was empty.

Dungeon Overview and Level Annotations

Branches:
Dungeon (4/15)
 Temple: D:4-7

Altars:
Dithmenos
Elyvilon
Qazlal
Wu Jian


Innate Abilities, Weirdness & Mutations

You reflexively headbutt those who attack you in melee.
You have a pair of horns on your head.


Message History

You headbutt the worker ant.
You feel sick.
You headbutt the worker ant.
The worker ant is heavily wounded.
You feel sick. The worker ant bites you.
* * * LOW HITPOINT WARNING * * *
You are more poisoned.
The worker ant poisons you! You furiously retaliate!
You headbutt the worker ant!
You kill the worker ant!
Trog accepts your kill.
The iguana is moderately wounded.
* * * LOW HITPOINT WARNING * * *
You feel sick. The iguana bites you!
* * * LOW HITPOINT WARNING * * *
Unknown command.
It was a potion of degeneration.
There was something very wrong with that liquid.
You feel weakened.
You feel dopey.
You feel clumsy.
You die...

#......# ## #......#
...## #......#
.............
....#.... #....##
#...# #l#.# #@# ..
##.# .# ###########..#
.. #<[......#..## .!
#####........#.###.#.
#
.....................#
#####..............#..
#.................
#........#.#####..


You could see an iguana.

Vanquished Creatures
  Natasha (thrice) (D:2)
  A worker ant (D:4)
  Robin (D:2)
  7 adders
  3 worms
  3 dart slugs
  A leopard gecko (D:1)
  An orc (D:3)
  A giant cockroach (D:2)
  14 goblins
  9 hobgoblins
  7 jackals (D:3)
  A ball python (D:3)
  5 bats
  3 frilled lizards (D:3)
  7 kobolds
  2 rats
69 creatures vanquished.

Notes
Turn   | Place    | Note
-------+----------+-------------------------------------------
     0 | D:1      | Infinimo the Minotaur Berserker began the quest for the
                  | Orb.
     0 | D:1      | Reached XP level 1. HP: 19/19 MP: 0/0
   428 | D:1      | Reached XP level 2. HP: 27/27 MP: 1/1
   441 | D:1      | Reached skill level 4 in Maces & Flails
   712 | D:2      | Found an ornate altar of the Wu Jian Council.
   712 | D:2      | Identified the +1 helmet of Distant Worlds {Dex+4}
   712 | D:2      | Noticed Robin
   723 | D:2      | Killed Robin
   723 | D:2      | Reached XP level 3. HP: 33/33 MP: 2/2
  1072 | D:2      | Reached ** piety under Trog
  1132 | D:2      | Reached XP level 4. HP: 40/40 MP: 3/3
  1315 | D:2      | Noticed Natasha
  1323 | D:2      | Killed Natasha
  1435 | D:2      | Noticed Natasha
  1442 | D:2      | Killed Natasha
  1442 | D:2      | Reached skill level 5 in Maces & Flails
  1584 | D:2      | Noticed Natasha
  1590 | D:2      | Killed Natasha
  1590 | D:2      | Reached XP level 5. HP: 39/47 MP: 4/4
  1830 | D:2      | Found a white marble altar of Elyvilon.
  1943 | D:3      | Found a shadowy altar of Dithmenos.
  2180 | D:3      | Found a stormy altar of Qazlal.
  2689 | D:3      | Reached *** piety under Trog
  2941 | D:4      | Noticed a phantom
  2959 | D:4      | HP: 1/47 [iguana (10)]
  2960 | D:4      | Succumbed to a worker ant's poison

Skill      XL: |  1  2  3  4 |
---------------+-------------+-----
Maces & Flails | 4 5 |  5.7
Fighting       | 4 |  4.8
Armour         | 3 |  3.9
Dodging        | 3 |  3.6

Action                   |  1- 3 |  4- 6 || total
-------------------------+-------+-------++-------
Melee: Mace              |    62 |   111 ||   173
       Headbutt          |     6 |    19 ||    25
Invok: Berserk           |     2 |     2 ||     4
  Use: Scroll            |     5 |       ||     5
       Potion            |       |     1 ||     1
 Stab: Sleeping          |     1 |       ||     1
  Eat: Chunk             |     2 |     7 ||     9
Armor: Animal skin       |    12 |    22 ||    34
Dodge: Dodged            |    46 |    71 ||   117
